 Dungeon Crawl Stone Soup version 0.20.0 (webtiles) character file.

2267 Danakh the Thaumaturge (level 9, -7/59 HPs)
             Began as a Mummy Arcane Marksman on May 31, 2017.
             Was a Follower of Vehumet.
             Mangled by an orc warrior
             ... wielding a +0 glaive
              (26 damage)
             ... in a bailey.
             The game lasted 01:13:50 (9841 turns).

Danakh the Thaumaturge (Mummy Arcane Marksman)      Turns: 9841, Time: 01:13:50

Health: -7/59      AC: 11    Str:  8    XL:     9   Next: 16%
Magic:  10/23      EV: 11    Int: 16    God:    Vehumet [*.....]
Gold:   451        SH:  3    Dex: 14    Spells: 14/29 levels left

rFire    + . .     SeeInvis +   q - +2 trident (freeze)
rCold    + + +     Gourm    .   x - +0 buckler {rC+}
rNeg     + + +     Faith    .   v - +2 robe {MR+}
rPois    ∞         Spirit   .   y - +1 helmet
rElec    .         Reflect  .   (no cloak)
rCorr    .         Harm     .   B - +4 pair of gloves "Mevefip" {rF++ Regen+ Str-5 Dex+2}
MR       ++...                  (no boots)
Stlth    +.........             u - amulet of magic regeneration
Regen    0.6/turn               n - ring of protection from cold
MPRegen  0.3/turn               o - ring of see invisible

@: very slightly contaminated
A: no food or potions, fire vulnerability, cold resistance 1, negative energy
resistance 3, torment resistance, unbreathing
a: Renounce Religion


You were in a bailey.
You worshipped Vehumet.
Vehumet was aware of your devotion.
You were not hungry.

You visited 2 branches of the dungeon, and saw 8 of its levels.
You also visited: Sewer and Bailey.

You collected 451 gold pieces.

Inventory:

Hand Weapons
 a - a +0 hand crossbow
 q - a +2 trident of freezing (weapon)
 w - a +3 dagger of venom
Missiles
 b - 4 poisoned tomahawks (quivered)
 d - 5 bolts
Armour
 v - a +2 robe of magic resistance (worn)
 x - a +0 buckler of cold resistance (worn)
 y - a +1 helmet (worn)
 B - the +4 pair of gloves "Mevefip" (worn) {rF++ Regen+ Str-5 Dex+2}
   (You found it on level 7 of the Dungeon)

   It affects your strength (-5).
   It affects your dexterity (+2).
   It greatly protects you from fire.
   It increases your rate of regeneration.
Magical Staves
 A - an uncursed staff of death
Jewellery
 n - a ring of protection from cold (left hand)
 o - a ring of see invisible (right hand)
 u - an amulet of magic regeneration (around neck)
Wands
 e - a wand of acid (9/15)
 f - a wand of confusion (17/48)
 h - a wand of acid (4/15)
 r - a wand of random effects (15/48)
 s - a wand of confusion (27/48)
Scrolls
 g - a scroll of summoning
 i - 6 scrolls of remove curse
 j - 2 scrolls of teleportation
 k - 3 scrolls of fog
 p - 9 scrolls of amnesia
 t - a scroll of recharging {unknown}
 z - 2 scrolls of enchant armour
Books
 c - a book of Debilitation

   Spells                             Type                      Level
   a - Corona                         Hexes                        1
   b - Slow                           Hexes                        2
   c - Inner Flame                    Hexes/Fire                   3
   d - Portal Projectile              Hexes/Translocation          3
   e - Cause Fear                     Hexes                        4
   f - Leda's Liquefaction            Hexes/Earth                  4
 l - a book of Cantrips

   Spells                             Type                      Level
   a - Confusing Touch                Hexes                        1
   b - Animate Skeleton               Necromancy                   1
   c - Summon Small Mammal            Summoning                    1
   d - Apportation                    Translocation                1


   Skills:
 - Level 1.0 Fighting
 - Level 1.5 Crossbows
 - Level 1.5 Dodging
 - Level 10.6 Spellcasting
 + Level 0.7 Conjurations
 - Level 5.9 Hexes
 - Level 4.5 Summonings
 + Level 0.7 Fire Magic


You had 14 spell levels left.
You knew the following spells:

 Your Spells              Type           Power        Failure   Level  Hunger
a - Flame Tongue          Conj/Fire      ##...        11%         1    N/A
d - Corona                Hex            ####...      1%          1    N/A
f - Slow                  Hex            ####....     1%          2    N/A
m - Cause Fear            Hex            ####......   12%         4    N/A
p - Apportation           Tloc           #.....       14%         1    N/A
q - Animate Skeleton      Necr           N/A          14%         1    N/A
s - Confusing Touch       Hex            ####..       1%          1    N/A
x - Summon Small Mammal   Summ           ###.         2%          1    N/A
z - Portal Projectile     Hex/Tloc       ###...       13%         3    N/A

Dungeon Overview and Level Annotations

Branches:
Dungeon (7/15)             Temple (1/1) D:5

Altars:
Ashenzari
Cheibriados
Dithmenos
Elyvilon
Fedhas
Gozag
Hepliaklqana
Kikubaaqudgha
Makhleb
Nemelex Xobeh
Okawaru
Qazlal
Ru
Sif Muna
Trog
Uskayaw
Vehumet
Xom
Yredelemnul
Zin
The Shining One


Innate Abilities, Weirdness & Mutations

You do not eat or drink.
Your flesh is vulnerable to fire.
You are immune to poison.
Your flesh is cold resistant. (rC+)
You are immune to negative energy. (rN+++)
You are immune to unholy pain and torment.
You can survive without breathing.


Message History

Press: ? - help, Shift-Dir - straight line, f/p - orc warrior
Aim: an orc warrior, wielding a glaive and wearing a plate armour (almost dead)
You miscast Flame Tongue.
You are very lightly contaminated with residual magic.
Nothing appears to happen.
The orc warrior hits you with a glaive.
Casting: Flame Tongue
Confirm with . or Enter, or press ? or * to list all spells.
Aiming: Flame Tongue
Press: ? - help, Shift-Dir - straight line, f/p - orc warrior
Aim: an orc warrior, wielding a glaive and wearing a plate armour (almost dead)
The flame tongue hits the orc warrior.
The orc warrior appears unharmed.
The orc warrior is almost dead.
Casting: Flame Tongue
Confirm with . or Enter, or press ? or * to list all spells.
Aiming: Flame Tongue
Press: ? - help, Shift-Dir - straight line, f/p - orc warrior
Aim: an orc warrior, wielding a glaive and wearing a plate armour (almost dead)
The flame tongue misses the orc warrior.
The orc warrior hits you with a glaive!!
You die...

########## ##≈≈≈≈≈≈≈≈≈
##.......o..
#.........o.
####'##########
#≈............#####
#≈...≈≈≈≈≈≈≈≈≈....##
##≈..≈≈@......≈≈≈.⌠.#
##≈≈...o≈≈≈≈≈≈≈..≈≈..#
##≈≈...§≈≈.....≈≈≈.≈≈.#
#≈≈⌠..§≈..≈≈≈≈≈..≈≈)≈)##
#≈≈..≈≈.≈≈≈...≈≈≈.≈.≈≈.#
#≈...≈.≈≈..⌠.⌠..≈.≈≈.≈.#
#≈...≈.....∩∩∩..≈[...≈)#
#≈...≈.≈≈..⌠.⌠..≈)≈≈.≈)#
#≈≈..≈≈.≈≈≈...≈≈≈.≈.≈≈)#


You could see an orc warrior.

Vanquished Creatures
  Menkaure (D:6)
  Purgy (Sewer)
  3 phantoms
  An ice beast (D:3)
  3 sky beasts
  4 centaurs
  An ogre (D:5)
  A crimson imp (D:5)
  A jelly (D:4)
  8 orc wizards
  A quasit (D:5)
  A centaur skeleton (D:7)
  An orc priest (D:5)
  3 hounds
  An iguana (D:5)
  5 worker ants
  A hound zombie (D:5)
  A hound skeleton (D:5)
  2 adders
  8 gnolls
  2 worms
  3 dart slugs
  3 leopard geckos
  29 orcs
  12 bats
  2 giant cockroaches (D:1)
  9 goblins
  8 hobgoblins
  9 jackals
  5 quokkas
  7 ball pythons
  7 frilled lizards
  A giant cockroach zombie (D:6)
  5 kobolds
  2 quokka zombies
  8 rats
160 creatures vanquished.

Vanquished Creatures (collateral kills)
  An orc warrior (D:6)
  A centaur (D:5)
  A bullfrog (D:6)
  A scorpion (D:6)
  2 bullfrog zombies (D:5)
  A hound (D:4)
  A gnoll (D:2)
  An adder (Sewer)
  A worm (D:2)
  A dart slug (D:4)
  A leopard gecko (D:7)
  5 orcs
  2 ball pythons
  A hobgoblin (D:2)
  3 jackals (D:4)
  2 frilled lizards (D:2)
  A goblin (D:2)
26 creatures vanquished.

Grand Total: 186 creatures vanquished

Notes
Turn   | Place    | Note
-------+----------+-------------------------------------------
     0 | D:1      | Danakh the Mummy Arcane Marksman began the quest for the Orb.
     0 | D:1      | Reached XP level 1. HP: 15/15 MP: 2/2
    91 | D:1      | Reached skill level 2 in Spellcasting
   109 | D:1      | Reached XP level 2. HP: 21/21 MP: 5/5
   466 | D:1      | Learned a level 2 spell: Slow
   497 | D:2      | Reached skill level 3 in Spellcasting
   497 | D:2      | Reached XP level 3. HP: 16/26 MP: 4/7
   502 | D:2      | Learned a level 3 spell: Portal Projectile
   867 | D:2      | Learned a level 1 spell: Confusing Touch
   964 | D:1      | Learned a level 1 spell: Apportation
   966 | D:1      | Learned a level 1 spell: Summon Small Mammal
  1263 | D:2      | Found a bloodstained altar of Trog.
  1354 | D:2      | Reached XP level 4. HP: 31/32 MP: 6/9
  1814 | D:2      | Reached skill level 4 in Spellcasting
  2430 | D:3      | Found a glowing drain.
  2432 | D:3      | Reached skill level 1 in Summonings
  2453 | Sewer    | Entered a sewer
  2521 | Sewer    | Noticed Purgy
  2533 | Sewer    | Killed Purgy
  2533 | Sewer    | Reached skill level 5 in Spellcasting
  2533 | Sewer    | Reached XP level 5. HP: 31/37 MP: 7/13
  2883 | D:3      | Reached XP level 6. HP: 38/43 MP: 8/14
  2886 | D:3      | Reached skill level 6 in Spellcasting
  2972 | D:3      | Noticed an ice beast
  3222 | D:3      | Killed an ice beast
  3876 | D:4      | Found a sacrificial altar of Ru.
  4326 | D:4      | Reached skill level 7 in Spellcasting
  4326 | D:4      | Reached XP level 7. HP: 32/48 MP: 7/17
  4593 | D:5      | Entered Level 5 of the Dungeon
  5297 | D:5      | Reached skill level 8 in Spellcasting
  5694 | D:5      | Found a shimmering altar of Xom.
  5917 | D:4      | Reached XP level 8. HP: 13/54 MP: 13/20
  6824 | D:5      | Reached skill level 5 in Hexes
  6881 | D:5      | Reached skill level 9 in Spellcasting
  7101 | D:5      | Found a staircase to the Ecumenical Temple.
  7335 | Temple   | Entered the Ecumenical Temple
  7475 | Temple   | Became a worshipper of Vehumet
  7611 | D:6      | Noticed Menkaure
  7620 | D:6      | Killed Menkaure
  8009 | D:6      | Learned a level 1 spell: Animate Skeleton
  8820 | D:6      | Reached skill level 10 in Spellcasting
  8826 | D:6      | Learned a level 4 spell: Cause Fear
  9343 | D:7      | Reached XP level 9. HP: 48/59 MP: 20/23
  9385 | D:7      | Got a pair of twisted gloves
  9396 | D:7      | Identified the +4 pair of gloves "Mevefip" {rF++ Regen+ Str-5 Dex+2} (You found it on level 7 of the Dungeon)
  9590 | D:7      | Found a flagged portal.
  9637 | Bailey   | Entered a bailey
  9642 | Bailey   | Reached * piety under Vehumet
  9642 | Bailey   | Offered knowledge of Flame Tongue by Vehumet.
  9685 | Bailey   | Learned a level 1 spell: Flame Tongue
  9841 | Bailey   | Mangled by an orc warrior

Skill      XL: |  1  2  3  4  5  6  7  8 |
---------------+-------------------------+-----
Spellcasting   | 2 3 5 7 8 10 | 10.6
Hexes          | 3 4 5 |  5.9
Summonings     | 1 2 3 4 |  4.5
Fighting       | |  1.0
Crossbows      | |  1.5
Dodging        | |  1.5
Conjurations   | |  0.7
Fire Magic     | |  0.7

Action                   |  1- 3 |  4- 6 |  7- 9 || total
-------------------------+-------+-------+-------++-------
Melee: Dagger            |    47 |   128 |   105 ||   280
       Unarmed           |       |     3 |       ||     3
       Trident           |       |    11 |   224 ||   235
 Fire: Hand crossbow     |    51 |    14 |     2 ||    67
Throw: Tomahawk          |       |     4 |     1 ||     5
 Cast: Corona            |    11 |    27 |    11 ||    49
       Summon Small Mamm |     5 |    85 |   169 ||   259
       Confusing Touch   |     1 |     1 |     1 ||     3
       Portal Projectile |     1 |     2 |     1 ||     4
       Slow              |     1 |     5 |    23 ||    29
       Flame Tongue      |       |       |    36 ||    36
Evoke: Wand              |       |       |     9 ||     9
  Use: Scroll            |       |    10 |     4 ||    14
 Stab: Sleeping          |     1 |       |     2 ||     3
       Distracted        |       |       |     4 ||     4
Armor: Robe              |    13 |    34 |    75 ||   122
Dodge: Dodged            |    50 |    80 |   173 ||   303
Block: Buckler           |       |       |    19 ||    19
